fx, chaotic female elven Wizard --- #--#.-- -- --.....|-# -.-- -#--......#.-#-##-#-- --...--- #-#............|...--.---......| -#.............................-- #........)#-........---.........| |.....................%........-- ---.|^...--.---...-------.>...--- --- |.s.|-......| --.-- ----.....-- ...| -@---|.....-- --- |........| ...--- ...- |.....--- --......-- ---%....--- -.-- --.--...| ---- --....-- ---|.........| . ..|---.---|..| |....| ---.#-.........| -- --- |...|-).| ---.-- |..............- ---.|...| --- |....|.--.......| |..|.-- |..----- --.....| ------ ---- -..--- --- fx the Thaumaturge Experience level: 6 Strength: 11 Dexterity: 15 Constitution: 11 Intelligence: 20 Wisdom: 11 Charisma: 9 Health: 0(42) Energy: 23(49) Def: 5 Gold: 415 Moves: 2531 Dungeon seed: 6krmFvofV7Ugo27T Game ID: fx_1574618464 Your Inventory: Coins $ - 415 gold pieces Weapons a - a blessed +1 quarterstaff (weapon in hands) Armor e - an uncursed +0 cloak of magic resistance (being worn) r - an uncursed +0 orcish helm y - an uncursed +0 pair of iron shoes Comestibles o - an uncursed food ration Scrolls g - a blessed scroll of create monster J - an uncursed scroll of charging M - a blessed scroll of blank paper N - a cursed scroll of blank paper O - 5 uncursed scrolls of blank paper W - an uncursed scroll of amnesia Potions V - a potion of holy water X - an uncursed potion of restore ability Rings c - an uncursed +4 ring of protection (on left hand) d - an uncursed ring of shock resistance (on right hand) Tools b - a +0 pick-axe f - 2 uncursed tallow candles (0:200) C - an uncursed skeleton key R - an uncursed oil lamp (0:1153) S - an uncursed skeleton key Z - an uncursed skeleton key Gems n - 2 uncursed worthless pieces of black glass q - 2 uncursed worthless pieces of violet glass z - an uncursed fluorite stone U - 2 uncursed dilithium crystals Y - an uncursed worthless piece of red glass Spells and supernatural/magical abilities: Name Level Category Fail Memory a - force bolt 1 attack 0% 88% z - sleep 1 enchantment 0% 88% W - pray for help -- divine ? -- Your skills at the end: Fighting Skills Weapon Skills quarterstaff [Skilled] Spellcasting Skills attack spells [Basic] enchantment spells [Basic] Final Attributes: You were piously aligned. You were sleep resistant. You were shock resistant. You were magic-protected. You had infravision. You were protected. You are dead. Vanquished creatures: a gnome king a gnome mummy a bugbear a pony a shrieker 2 gnome lords a gnomish wizard a kobold mummy 2 paper golems a little dog a kitten 5 dwarves 2 centipedes a monkey a wererat an acid blob 2 coyotes a gas spore a hobbit 2 manes a large kobold a hobgoblin a cave spider 18 gnomes 2 gnome zombies a gecko 5 jackals 2 foxes a kobold 2 goblins a sewer rat a grid bug 2 lichens 5 newts 72 creatures vanquished. Voluntary challenges: You had been an atheist until turn 2173. You used a wielded weapon 68 times, starting on turn 75. You read items or engraved 3 times, starting on turn 1067. You never genocided any monsters. You never polymorphed an object. You never changed form. You used no wishes. You never split a pudding. You never wrote Elbereth's name. You never violated your personal moral code. Dungeon overview: The Dungeons of Doom: levels 1 to 4 Level 1 a fountain a long staircase Level 2 a general store, a fountain Level 3 a jewelry store, some fountains stairs to The Gnomish Mines Level 4 The Gnomish Mines: levels 4 to 9 Level 4 stairs to The Dungeons of Doom Level 5 Level 6 Level 8 <- You were here Level 9 History has recorded: On T:1 you entered the Dungeons of Doom to retrieve the Amulet of Yendor! On T:86 you reached level 2 of The Dungeons of Doom. On T:581 you reached level 3 of The Dungeons of Doom. On T:803 you advanced to experience level 2. On T:1221 you reached level 4 of The Dungeons of Doom. On T:1234 you advanced to experience level 3. On T:1327 you reached level 1 of The Gnomish Mines. On T:1513 you advanced to experience level 4. On T:1585 you reached level 2 of The Gnomish Mines. On T:1651 you advanced to experience level 5. On T:1968 you advanced to experience level 6. On T:2133 you reached level 3 of The Gnomish Mines. On T:2265 you reached level 5 of The Gnomish Mines. On T:2487 you reached level 6 of The Gnomish Mines. Score breakdown: Gold: 415 ( 8909 points) Experience: 6 levels (12456 points) Exploration: 9 levels ( 18.00%) (12121 points) Discoveries: 5 items ( 1.79%) ( 4016 points) Valuables value: (no points given unless you survive) Artifact value: 0 ( 0 points) Variety of kills: 34 monsters ( 8.92%) ( 8961 points) Turncount: 2531 turns ( -348 points) Survival: died (score multiplied by 80%) Total score: 36892 Latest messages: The gnomish wizard rises up, through the ceiling! (You can name an emerald potion from the item naming menu.) The dwarf wields a dagger! The dagger welds itself to the dwarf's hand! The gnome throws a dart! You are hit by a dart. You hear crashing rock. The gnome throws a dart! You are almost hit by a dart. You hit the gnome. The gnome turns to flee! You kill the gnome! The gnome lord hits! There are a few objects here. You hear crashing rock. The spell hits the gnome lord! You hear crashing rock. The gnome throws a dart! You are hit by a dart. The giant spider bites! (2x) You hear a jackal howling at the moon. The giant spider bites! (6x) You die... Final status: Goodbye fx the Wizard, killed by a giant spider... You died in The Gnomish Mines on dungeon level 8 with 36892 points, and 415 pieces of gold, after 2531 moves. You were level 6 with a maximum of 42 hit points when you died.